 Dungeon Crawl Stone Soup version 0.28-a0-1565-g95a8017c83 (webtiles) character file.

Game seed: 16705560866850707925

15556 Turgor the Quickloader (level 12, -3/100 HPs)
             Began as a Formicid Hunter on Jan 3, 2022.
             Was the Champion of Okawaru.
             Succumbed to a death drake's dark miasma
             ... on level 11 of the Dungeon on Jan 19, 2022.
             The game lasted 02:04:47 (15314 turns).

Turgor the Quickloader (Formicid Hunter)           Turns: 15314, Time: 02:04:48

Health: -3/100     AC: 17    Str: 20    XL:     12   Next: 59%
Magic:  16/16      EV: 14    Int: 13    God:    Okawaru [******]
Gold:   587        SH:  5    Dex: 11    Spells: 5/11 levels left

rFire   . . .      SeeInvis +   N - +3 scimitar (flame)
rCold   . . .      Faith    .   (no shield)
rNeg    + . .      Spirit   .   s - +2 pearl dragon scales
rPois   .          Reflect  +   (helmet unavailable)
rElec   .          Harm     .   o - +0 cloak
rCorr   .          Rampage  .   O - +0 pair of gloves
Will    +....                   (no boots)
Stlth   +.........              p - amulet of reflection
HPRegen 0.26/turn               g - +4 ring of evasion
MPRegen 0.15/turn               (no ring)

@: lethally poisoned (-3 -> -26)
A: permanent stasis, dig shafts and tunnels, antennae 3, four strong arms
a: Dig, Shaft Self, Renounce Religion, Heroism, Finesse, Duel


You were on level 11 of the Dungeon.
You worshipped Okawaru.
Okawaru was exalted by your worship.
You visited 2 branches of the dungeon, and saw 14 of its levels.
You also visited: Ossuary and Bailey.

You collected 587 gold pieces.

Inventory:

Hand Weapons
 v - the +7 dagger of Wuuczem {flame, Fly rElec Str+9 Stlth-}
   (You found it on level 3 of the Dungeon)

   It burns those it strikes, dealing additional fire damage.
   Str:       It affects your strength (+9).
   rElec:     It insulates you from electricity.
   Fly:       It grants you flight.
   Stlth:     It makes you less stealthy.
 C - a +8 triple crossbow
 J - a +2 dagger of venom
 N - a +3 scimitar of flaming (weapon)
Missiles
 d - 105 bolts
 L - 22 poisoned darts
Armour
 a - a +0 kite shield
 o - a +0 cloak (worn)
 s - +2 pearl dragon scales (worn)
 O - a +0 pair of gloves (worn)
Jewellery
 g - a +4 ring of evasion (left hand)
 p - an amulet of reflection (around neck)
Wands
 j - a wand of acid (2)
 w - a wand of digging (4)
Scrolls
 b - 2 scrolls of enchant armour
 c - a scroll of immolation
 e - 2 scrolls of amnesia {unknown}
 f - 3 scrolls of blinking {unknown}
 h - a scroll of silence {unknown}
 l - 2 scrolls of enchant weapon
 q - a scroll of fog {unknown}
 r - a scroll of teleportation {unknown}
 t - 2 scrolls of magic mapping
 K - a scroll of brand weapon {unknown}
Potions
 i - 4 potions of magic
 k - 5 potions of mutation
 m - 5 potions of heal wounds
 u - 6 potions of cancellation
 x - 2 potions of attraction
 A - a potion of brilliance
 B - a potion of flight
 D - 5 potions of might
 E - a potion of resistance
 F - a potion of invisibility
 I - 3 potions of lignification


   Skills:
 + Level 11.2 Fighting
 - Level 9.0 Short Blades
 - Level 1.6(5.8) Long Blades
 * Level 11.3 Crossbows
 + Level 6.9 Armour
 - Level 2.0 Dodging
 - Level 6.0 Stealth
 * Level 3.8 Shields
 + Level 5.4 Invocations


You had 5 spell levels left.
You knew the following spells:

 Your Spells              Type           Power      Damage    Failure   Level
a - Wereblood             Tmut           0%         N/A       82%         2
b - Apportation           Tloc           0%         N/A       67%         1
c - Portal Projectile     Hex/Tloc       0%         N/A       96%         3

Your spell library contained the following spells:

 Spells                   Type           Power      Damage    Failure   Level
 Corpse Rot               Necr/Air       0%         N/A       82%         2
 Poisonous Vapours        Pois/Air       0%         N/A       82%         2
 Sublimation of Blood     Necr           0%         N/A       82%         2
 Inner Flame              Hex/Fire       0%         N/A       96%         3
 Cause Fear               Hex            0%         N/A       100%        4
 Leda's Liquefaction      Hex/Erth       0%         N/A       100%        4
 Discord                  Hex            0%         N/A       100%        8
 Animate Skeleton         Necr           Unusable   N/A       N/A         1
 Summon Small Mammal      Summ           Unusable   N/A       N/A         1
 Call Canine Familiar     Summ           Unusable   N/A       N/A         3
 Summon Hydra             Summ           Unusable   N/A       N/A         7

Dungeon Overview and Level Annotations

Branches:
Dungeon (13/15)            Temple (1/1) D:5            Lair (0/6) D:11
    Orc (0/2) D:10        Ossuary (visited)          Bailey (visited)
 Vaults: D:13-14

Altars:
Ashenzari
Cheibriados
Dithmenos
Elyvilon
Fedhas
Gozag
Hepliaklqana
Kikubaaqudgha
Makhleb
Nemelex Xobeh
Okawaru
Qazlal
Ru
Sif Muna
Trog
Uskayaw
Vehumet
Wu Jian
Xom
Yredelemnul
Zin
The Shining One
Beogh

Shops:
D:5 :   D:9 *

Annotations:
D:8 1 runed translucent door
D:10 3 runed translucent doors, melvinkitnick's ghost, novice SpEn


Innate Abilities, Weirdness & Mutations

You cannot be hasted, slowed, berserked, paralysed or teleported.
You can dig through walls and to a lower floor.
You have a pair of large antennae on your head. (SInv)
Your four strong arms can wield two-handed weapons with a shield.


Message History

The death drake breathes miasma at you. The foul vapour engulfs you.
You are more poisoned.
Your +3 scimitar of flaming bursts into flame!
N - a +3 scimitar of flaming (weapon)
You are engulfed in dark miasma.
You are lethally poisoned!
You feel very sick. You block the death drake's attack.
You closely miss the death drake.
The death drake is severely wounded.
You are engulfed in dark miasma.
You are more poisoned.
* * * LOW HITPOINT WARNING * * *
x2 You feel extremely sick.
The death drake bites you but does no damage.
You feel better.
You are engulfed in dark miasma.
You are lethally poisoned!
* * * LOW HITPOINT WARNING * * *
x2 You feel very sick.
The death drake misses you.
Drinking this now will have no effect.
You feel much better.
You are engulfed in dark miasma.
You are lethally poisoned!
Your stasis prevents you from being slowed.
* * * LOW HITPOINT WARNING * * *
x2 You feel extremely sick.
The death drake bites you but does no damage.
The death drake breathes miasma at you. The foul vapour misses you.
You closely miss the death drake.
The death drake is severely wounded.
* * * LOW HITPOINT WARNING * * *
You feel extremely sick.
The death drake bites you but does no damage.
Unknown command.
You slice the death drake!! You burn the death drake!
You kill the death drake!
Okawaru accepts your kill.
You die...

##..# ....## #..
#....###...### #..#
#.(..(....!##..#
#..()........# ##..(........##
#.....○.(....# ....
##.#.....#.°°.# ... ###.
#.....##°°°# #..# ...
#...[.##°@°## ##..# .#
##.##......##°°.### #..# #.#
#........##.....####..# ...
##....................####...
##...####..............##.....
##....# ###.........#........
#.##..# ###......#####.....#.
#####.## ##......### ###.....
#..###.......# #.....


There were no monsters in sight!

Vanquished Creatures
  Gastronok (D:10)
  Erolcha (D:10)
  Erica (D:9)
  A death knight (D:13)
  A tengu warrior (D:11)
  2 two-headed ogres
  A death drake (shapeshifter) (D:11)
  An orc knight (D:10)
  A deep elf pyromancer (D:13)
  2 cyclopes (D:11)
  A gargoyle (D:10)
  Maggie (D:7)
  An efreet (D:13)
  A komodo dragon (D:11)
  A tengu conjurer (D:11)
  2 trolls
  Grinder (D:6)
  Prince Ribbit (D:5)
  Sigmund (D:3)
  A shadow (D:11)
  A vampire (D:11)
  3 wyverns
  5 yaks
  A steam dragon (D:7)
  A wraith (D:10)
  5 vampire mosquitoes
  Menkaure (D:7)
  An acid dragon (D:10)
  4 water moccasins
  An ice beast (D:8)
  8 orc warriors
  2 sky beasts
  A phantom (D:5)
  A centaur (D:10)
  An elf zombie (Ossuary)
  A kobold brigand (D:11)
  A bullfrog (D:6)
  3 scorpions
  6 killer bees (D:9)
  5 wights (D:8)
  5 howler monkeys
  8 centaur zombies
  2 human zombies (Ossuary)
  2 jellies
  3 hounds (D:6)
  7 orc priests
  A bullfrog skeleton (D:6)
  Jessica (D:2)
  Terence (D:2)
  An iguana (D:4)
  16 orc wizards
  2 killer bee zombies
  3 mummies
  Robin (D:3)
  9 adders
  12 gnolls
  A shadow imp (D:6)
  A white imp (D:6)
  An adder skeleton (D:4)
  An adder zombie (Ossuary)
  2 worms
  5 dart slugs
  48 orcs
  9 bats
  8 endoplasms
  A giant cockroach (D:1)
  16 goblins
  11 hobgoblins
  2 jackals (D:4)
  11 kobolds
  3 quokkas
  9 ball pythons
  6 frilled lizards
  9 hobgoblin zombies
  A jackal zombie (Ossuary)
  14 kobold zombies (Ossuary)
  7 orc zombies (Ossuary)
  4 rats
  A rat zombie (Ossuary)
320 creatures vanquished.

Vanquished Creatures (others)
  39 plants
39 creatures vanquished.

Grand Total: 359 creatures vanquished

Notes
Turn   | Place    | Note
-------+----------+-------------------------------------------
     0 | D:1      | Turgor the Formicid Hunter began the quest for the Orb.
     0 | D:1      | Reached XP level 1. HP: 16/16 MP: 1/1
    53 | D:1      | Reached XP level 2. HP: 23/23 MP: 2/2
   462 | D:1      | Reached XP level 3. HP: 29/29 MP: 3/3
   624 | D:1      | Found a faded altar of an unknown god.
  1109 | D:2      | Noticed Jessica
  1257 | D:2      | Reached XP level 4. HP: 29/35 MP: 4/4
  1504 | D:2      | Killed Jessica
  1505 | D:2      | Reached skill level 5 in Crossbows
  1505 | D:2      | Noticed Terence
  1512 | D:2      | Killed Terence
  1513 | D:2      | Reached XP level 5. HP: 42/42 MP: 5/5
  1883 | D:2      | Learned a level 2 spell: Wereblood
  1883 | D:2      | Upgraded the game from 0.28-a0-1389-gc726bef33b to
                  | 0.28-a0-1395-g4f6bc678fa
  2618 | D:3      | Noticed Robin
  2659 | D:3      | Upgraded the game from 0.28-a0-1395-g4f6bc678fa to
                  | 0.28-a0-1404-g4df0f3684d
  2924 | D:3      | Killed Robin
  3033 | D:3      | Noticed Sigmund
  3035 | D:3      | Upgraded the game from 0.28-a0-1404-g4df0f3684d to
                  | 0.28-a0-1447-ga5a8893891
  3059 | D:3      | Identified the +7 dagger of Wuuczem {flame, Fly rElec Str+9
                  | Stlth-}
  3162 | D:3      | Reached XP level 6. HP: 34/50 MP: 6/6
  3639 | D:4      | Reached skill level 5 in Fighting
  3865 | D:4      | Found a sand-covered staircase.
  3874 | Ossuary  | Entered an ossuary
  4138 | Ossuary  | Reached skill level 1 in Short Blades
  4159 | Ossuary  | Reached XP level 7. HP: 38/56 MP: 7/7
  5054 | D:5      | Entered Level 5 of the Dungeon
  5054 | D:5      | Found a staircase to the Ecumenical Temple.
  5066 | Temple   | Entered the Ecumenical Temple
  5366 | Temple   | Became a worshipper of Warmaster Okawaru
  5537 | D:5      | Reached XP level 8. HP: 37/64 MP: 8/8
  5707 | D:5      | Noticed Prince Ribbit
  5727 | D:5      | Killed Prince Ribbit
  5727 | D:5      | Reached * piety under Okawaru
  6178 | D:5      | Upgraded the game from 0.28-a0-1447-ga5a8893891 to
                  | 0.28-a0-1485-g077359a4bf
  6207 | D:5      | Noticed a wyvern
  6265 | D:5      | Killed a wyvern
  6266 | D:5      | Reached skill level 1 in Invocations
  6489 | D:5      | Found Impooguke's Book Shop.
  6692 | D:6      | Reached ** piety under Okawaru
  6840 | D:6      | Noticed Grinder
  6855 | D:6      | Killed Grinder
  6856 | D:6      | Reached skill level 1 in Armour
  6856 | D:6      | Reached XP level 9. HP: 69/72 MP: 10/10
  7481 | D:6      | Reached skill level 5 in Short Blades
  7950 | D:7      | Found a sacrificial altar of Ru.
  8106 | D:7      | Reached *** piety under Okawaru
  8113 | D:7      | Noticed Maggie
  8122 | D:7      | Killed Maggie
  8150 | D:7      | Found a flagged portal.
  8328 | Bailey   | Entered a bailey
  8670 | Bailey   | Reached XP level 10. HP: 21/82 MP: 11/11
  9194 | D:7      | Noticed Menkaure
  9197 | D:7      | Killed Menkaure
  9591 | D:8      | Learned a level 1 spell: Apportation
  9896 | D:8      | Reached **** piety under Okawaru
 10010 | D:8      | Found a runed translucent door.
 10540 | D:9      | Found Epnaps's General Store.
 11058 | D:9      | Received a gift from Okawaru
 11274 | D:9      | Noticed Erica
 11280 | D:9      | Killed Erica
 11280 | D:9      | Reached ***** piety under Okawaru
 11280 | D:9      | Received a gift from Okawaru
 11281 | D:9      | Reached skill level 10 in Fighting
 11281 | D:9      | Reached XP level 11. HP: 90/90 MP: 12/12
 11377 | D:9      | Upgraded the game from 0.28-a0-1485-g077359a4bf to
                  | 0.28-a0-1493-g08698888e4
 11541 | D:3      | Killed Sigmund
 11692 | D:10     | Entered Level 10 of the Dungeon
 11890 | D:10     | Reached skill level 10 in Crossbows
 12127 | D:10     | Reached skill level 5 in Armour
 12156 | D:10     | Found a runed translucent gate.
 12156 | D:10     | Found a runed translucent gate.
 12158 | D:10     | Found a runed translucent gate.
 12159 | D:10     | Noticed melvinkitnick's ghost (novice SpEn)
 12160 | D:10     | Noticed an 11-headed hydra
 12206 | D:10     | Noticed a two-headed ogre
 12214 | D:10     | Killed a two-headed ogre
 12214 | D:10     | Received a gift from Okawaru
 12232 | D:10     | Received a gift from Okawaru
 12263 | D:10     | Noticed Erolcha
 12275 | D:10     | Killed Erolcha
 12505 | D:10     | Noticed an orc knight
 12580 | D:10     | Noticed Gastronok
 12625 | D:10     | Upgraded the game from 0.28-a0-1493-g08698888e4 to
                  | 0.28-a0-1505-g8c907de6ad
 12844 | D:10     | Killed Gastronok
 12844 | D:10     | Received a gift from Okawaru
 12864 | D:10     | Killed an orc knight
 12887 | D:10     | Found a staircase to the Orcish Mines.
 13085 | D:11     | Found a staircase to the Lair.
 13361 | D:11     | Noticed a tengu warrior
 13367 | D:11     | Killed a tengu warrior
 13368 | D:11     | Reached skill level 5 in Stealth
 13368 | D:11     | Reached XP level 12. HP: 64/99 MP: 15/15
 13625 | D:11     | Upgraded the game from 0.28-a0-1505-g8c907de6ad to
                  | 0.28-a0-1555-g9ae15a6949
 13802 | D:11     | Noticed a two-headed ogre
 13803 | D:11     | Reached skill level 1 in Shields
 13806 | D:11     | Killed a two-headed ogre
 14332 | D:13     | Reached skill level 5 in Invocations
 14665 | D:13     | Noticed a death knight
 14668 | D:13     | Killed a death knight
 14668 | D:13     | Reached ****** piety under Okawaru
 14669 | D:13     | Reached skill level 1 in Long Blades
 14862 | D:13     | Learned a level 3 spell: Portal Projectile
 15135 | D:11     | Received a gift from Okawaru
 15295 | D:11     | Upgraded the game from 0.28-a0-1555-g9ae15a6949 to
                  | 0.28-a0-1565-g95a8017c83
 15302 | D:11     | Noticed a death drake
 15302 | D:11     | a jumping spider changed into a death drake
 15310 | D:11     | HP: 1/100 [poisoned by a death drake (dark miasma)]
 15314 | D:11     | Killed a death drake
 15314 | D:11     | Succumbed to a death drake's dark miasma

Illustrated notes

Levels and vault maps discovered:
D:1:      minmay_arrival_four_circles, layout_basic,
          dreamdust_ecumenical_altar_grove
D:2:      layout_rooms, uniq_jessica, uniq_terence
D:3:      cheibrodos_pilgrimage, layout_basic, kennysheep_generic_room_10,
          uniq_robin, uniq_sigmund
D:4:      layout_rooms, nicolae_ossuary_entry_giza
D:5:      layout_cave_pools, minmay_temple_entry_statues, serial_shops,
          nicolae_shop_behind_doors, st_stairs_3, uniq_prince_ribbit1
D:6:      layout_gridville, uniq_grinder
D:7:      nicolae_BIG_FREAKIN_CUBE, layout_rooms,
          nicolae_ru_sacrificial_ziggurat, enter_bailey_2,
          minmay_misc_feat_encased, uniq_menkaure, uniq_maggie
D:8:      gammafunk_indiana_jones, layout_basic
D:9:      layout_long_grid, serial_shops, kennysheep_little_box,
          minmay_misc_feat_hallway, hangedman_decor_peaks_small, uniq_erica
D:10:     layout_gridville, david_orc_5, gammafunk_ghost_hydra_chop,
          uniq_joseph, uniq_gastronok, uniq_erolcha
D:11:     kennysheep_windowed_halls, layout_layer_cave, david_lair_shrubbed
D:12:     layout_cave_pods
D:13:     layout_basic, david_vaults_4, uniq_frances
Temple:   mainiacjoe_temple_trianglar_array

Skill      XL: |  1  2  3  4  5  6  7  8  9 10 11 12 |
---------------+-------------------------------------+-----
Fighting       | 3 4 5 6 7 8 10 11 | 11.2
Crossbows      | 5 6 7 8 9 10 11 | 11.3
Short Blades   | 1 3 4 6 7 8 9 |  9.0
Dodging        | 2 |  2.0
Stealth        | 2 5 6 |  6.0
Invocations    | 2 4 5 |  5.4
Armour         | 1 3 4 6 |  6.9
Shields        | 3 |  3.8
Long Blades    | 1 |  1.6

Action                   |  1- 3 |  4- 6 |  7- 9 | 10-12 || total
-------------------------+-------+-------+-------+-------++-------
Melee: Short sword       |    87 |    72 |       |       ||   159
       Dagger            |       |    45 |   199 |   170 ||   414
       Punch             |       |       |     4 |     4 ||     8
       Scimitar          |       |       |       |    36 ||    36
 Fire: Hand crossbow     |    29 |    46 |    91 |   249 ||   415
       Hunting sling     |       |   132 |    69 |       ||   201
       Triple crossbow   |       |       |       |    97 ||    97
Throw: Stone             |       |       |     1 |       ||     1
Invok: Heroism           |       |       |     2 |     8 ||    10
Evoke: Wand              |       |       |       |     1 ||     1
  Use: Scroll            |       |     4 |     8 |     7 ||    19
       Potion            |       |       |     1 |     7 ||     8
Armor: Leather armour    |    19 |    38 |     9 |       ||    66
       Chain mail        |       |       |    36 |   130 ||   166
       Pearl dragon scal |       |       |       |    11 ||    11
Dodge: Dodged            |    78 |   123 |   127 |   164 ||   492
Block: Other             |       |       |       |    16 ||    16

Table legend: (Time is in decaauts)
 A = Elapsed time spent in this place.
 B = Non-inter-level travel time spent in this place.
 C = Inter-level travel time spent in this place.
 D = Time resting spent in this place.
 E = Time spent auto-exploring this place.
 F = Levels seen in this place.
 G = Mean time per level.
                   A        B        C        D        E       F      G
               +--------+--------+--------+--------+--------+-----+--------+
         Total |  15300 |  14450 |    850 |   3317 |   4613 |  16 |  956.2 |
       Dungeon |  13365 |  12544 |    821 |   2677 |   4613 |  13 | 1028.1 |
        Temple |    330 |    301 |     29 |      0 |      0 |   1 |  330.0 |
       Ossuary |    816 |    816 |      0 |    291 |      0 |   1 |  816.0 |
        Bailey |    787 |    787 |      0 |    349 |      0 |   1 |  787.0 |
               +--------+--------+--------+--------+--------+-----+--------+

Top non-repeatable levels by time:
    D:10: 1796 daAuts
     D:3: 1592 daAuts
     D:6: 1330 daAuts
     D:5: 1243 daAuts
     D:1: 1162 daAuts
    D:11: 1113 daAuts
     D:9: 1057 daAuts
     D:2: 905 daAuts
     D:8: 828 daAuts
 Ossuary: 816 daAuts
     D:7: 805 daAuts
     D:4: 791 daAuts
  Bailey: 787 daAuts
    D:13: 501 daAuts
  Temple: 330 daAuts
